cohdb
Replays
Latest Replays
All Replays
Popular Replays
Top Player Replays
Match Explorer
How It Works
Community
CoH3 Stats
Reddit
Sign in to upload your games and track your stats! →
Sign in with Steam
Match 40829111
Unlisted
Match 40829111
Overview
Messages
Build Orders
End
Royal Engineer Section
Construct Section Command Post
Selects Canadian Shock Battlegroup
Infantry Section
Dingo Light Scout Car
Infantry Section
Grenade Package
Construct Field Infirmary
Selects Offensive Resupply
Selects Canadian Shock Section
Construct Platoon Command Post
Selects Point Assault
Humber Armored Car
Canadian Shock Section
Selects Incendiary Munitions
Humber Armored Car
Light Vehicle Training
6-pounder Anti-tank Gun Team
Selects Pyrotechnics
Construct Company Command Post
Crusader II Medium Tank
Selects Churchill Crocodile Heavy Tank
Dullahan
Lisan al Gaib
0
0
Comments
sign in to comment!
No comments posted yet!